 Dungeon Crawl Stone Soup version 0.26-b1-32-g5d43845318 (webtiles) character file.

Game seed: 2343243264197882982

140 MajorAdolf the Skirmisher (level 5, -9/49 HPs)
             Began as a Naga Wanderer on Jan 9, 2021.
             Was an Initiate of Gozag.
             Killed themself with a badly aimed iceblast (11 damage)
             ... on level 3 of the Dungeon.
             The game lasted 00:04:06 (2464 turns).

MajorAdolf the Skirmisher (Naga Wanderer)           Turns: 2464, Time: 00:04:07

Health: -9/49      AC:  8    Str: 15    XL:     5   Next: 23%
Magic:  5/5        EV:  1    Int: 10    God:    Gozag
Gold:   191        SH:  3    Dex: 13    Spells: 4/4 levels left

rFire    . . .     SeeInvis +   h - +2 whip (venom)
rCold    . . .     Faith    .   n - +0 buckler
rNeg     . . .     Spirit   .   i - +0 plate armour
rPois    +         Reflect  .   (no helmet)
rElec    .         Harm     .   (no cloak)
rCorr    .         Rampage  .   m - +0 pair of gloves
Will     .....                  (no barding)
Stlth    ..........             (no amulet)
HPRegen  0.16/turn              (no ring)
MPRegen  0.09/turn              (no ring)

@: gold aura, very slow
A: large, see invisible, deformed body, poison resistance, slowness 2, spit
poison 1, AC +1
a: Spit Poison, Renounce Religion, Potion Petition, Call Merchant, Bribe Branch


You were on level 3 of the Dungeon.
You worshipped Gozag.
Gozag was aware of your devotion.
You visited 1 branch of the dungeon, and saw 3 of its levels.

You collected 250 gold pieces.
You paid 59 gold pieces to Gozag.

Inventory:

Hand Weapons
 a - a +2 shortbow
 h - a +2 whip of venom (weapon)
 r - a +0 hand axe
Missiles
 b - 41 arrows
Armour
 i - a +0 plate armour (worn)
 m - a +0 pair of gloves (worn)
 n - a +0 buckler (worn)
Wands
 d - a wand of random effects (11) (quivered)
Scrolls
 e - 2 scrolls of identify {unknown}
 j - 2 scrolls of enchant weapon {unknown}
 k - a scroll of teleportation {unknown}
 l - 3 scrolls of remove curse {unknown}
Potions
 c - a potion of brilliance {unknown}
 f - a potion of heal wounds {unknown}
 g - 2 potions of flight {unknown}
 o - a potion of lignification {unknown}
 p - a potion of berserk rage {unknown}
 q - a potion of ambrosia {unknown}


   Skills:
 + Level 3.1 Fighting
 - Level 1.0 Bows
 + Level 1.7 Armour
 + Level 1.7 Dodging
 - Level 1.5 Stealth
 - Level 2.0 Conjurations
 - Level 3.0 Hexes
 + Level 2.4 Evocations


You had 4 spell levels left.
You didn't know any spells.
Your spell library was empty.

Dungeon Overview and Level Annotations

Branches:
Dungeon (3/15)

Altars:
Dithmenos
Gozag


Innate Abilities, Weirdness & Mutations

You cannot wear boots.
Your serpentine skin is tough. (AC +1)
You have supernaturally acute eyesight. (SInv)
Armour fits poorly on your strangely shaped body.
Your system is resistant to poisons. (rPois)
You cover ground very slowly.
You can spit poison.


Message History

Press: ? - help, Shift-Dir - straight line, f/p - Ijyb
Aim: Ijyb, wearing a +0 leather armour and carrying a wand of acid (7) (heavily wounded, very poisoned) Ijyb seems to slow down.
Ijyb hits you but does no damage.
Unknown command.
Evoke which item? (* to show all) (? for menu, Esc to quit)
Aiming: Random Effects
Press: ? - help, Shift-Dir - straight line, f/p - Ijyb
Aim: Ijyb, wearing a +0 leather armour and carrying a wand of acid (7) (heavily wounded, very poisoned, slow)
The puff of frost hits Ijyb.
Ijyb is heavily wounded.
Unknown command.
Evoke which item? (* to show all) (? for menu, Esc to quit)
Aiming: Random Effects
Press: ? - help, Shift-Dir - straight line, f/p - Ijyb
Aim: Ijyb, wearing a +0 leather armour and carrying a wand of acid (7) (severely wounded, very poisoned, slow)
The mass of ice explodes!
The iceblast engulfs Ijyb!
You kill Ijyb!
The iceblast engulfs you!
You die...
Your body crumbles into a pile of gold.

# ..# #( ≈≈ #.# #. #
≈#≈#≈ ..## .## #.#≈ ≈≈≈≈≈
...###... #.≈≈#≈≈≈≈≈≈
........# #.≈#≈≈≈≈ ≈#
........##.####..#≈≈ ≈≈
...).............≈## ≈#
........# #.@$.#≈##..
#.....# #.......... #...#
##..#####. ....###.# ##.#
........# #.#
##..#############.####.#.
##..# #...............
....# #.######.######.
###.######(######.#


There were no monsters in sight!

Vanquished Creatures
  Ijyb (D:3)
  Natasha (thrice) (D:2)
  An adder (D:2)
  An ooze (D:3)
  A worm (D:2)
  2 dart slugs
  A leopard gecko (D:1)
  2 orcs (D:3)
  5 bats
  4 giant cockroaches
  2 goblins (D:1)
  7 hobgoblins
  2 quokkas
  2 frilled lizards
  6 kobolds
  5 rats
45 creatures vanquished.

Notes
Turn   | Place    | Note
-------+----------+-------------------------------------------
     0 | D:1      | MajorAdolf the Naga Wanderer began the quest for the Orb.
     0 | D:1      | MajorAdolf set off with the following items: a +2 shortbow,
                  | 28 arrows, a +0 ring mail, a wand of random effects (15)
     0 | D:1      | Reached XP level 1. HP: 19/19 MP: 1/1
   183 | D:1      | Reached XP level 2. HP: 26/26 MP: 2/2
   847 | D:2      | Reached XP level 3. HP: 12/33 MP: 3/3
  1245 | D:2      | Reached skill level 1 in Dodging
  1257 | D:2      | Found a shadowy altar of Dithmenos.
  1332 | D:2      | Noticed Natasha
  1339 | D:2      | Killed Natasha
  1340 | D:2      | Reached skill level 1 in Armour
  1340 | D:2      | Reached XP level 4. HP: 34/40 MP: 4/4
  1659 | D:2      | Noticed Natasha
  1666 | D:2      | Killed Natasha
  1818 | D:2      | Noticed Natasha
  1826 | D:2      | Killed Natasha
  1827 | D:2      | Reached XP level 5. HP: 26/49 MP: 5/5
  2073 | D:3      | Found an opulent altar of Gozag.
  2199 | D:3      | Became a worshipper of Gozag Ym Sagoz the Greedy
  2446 | D:3      | Noticed Ijyb
  2460 | D:3      | HP: 1/49 [acid (13)]
  2464 | D:3      | Killed Ijyb
  2464 | D:3      | Killed themself with a badly aimed iceblast

Illustrated notes

Levels and vault maps discovered:
D:1:      heliophobic_arrival_enchanted_forest, layout_basic
D:2:      layout_loops_corners, grunt_dithmenos_smoke_and_mirrors, uniq_natasha
D:3:      layout_loops_ring, nicolae_gozag_seed_capital, kennysheep_cross_room,
          minivault_4, uniq_ijyb, uniq_robin

Skill      XL: |  1  2  3  4 |
---------------+-------------+-----
Dodging        | 1 |  1.7
Armour         | 1 |  1.7
Evocations     | 2 |  2.4
Fighting       | 3 |  3.1
Bows           | |  1.0
Stealth        | |  1.5
Conjurations   | |  2.0
Hexes          | |  3.0

Action                   |  1- 3 |  4- 6 || total
-------------------------+-------+-------++-------
Melee: Whip              |    23 |    82 ||   105
 Fire: Shortbow          |    32 |       ||    32
 Abil: Spit Poison       |     2 |     2 ||     4
Evoke: Wand              |       |     4 ||     4
Armor: Plate armour      |    16 |    71 ||    87
       Ring mail         |     1 |       ||     1
Dodge: Dodged            |     6 |    10 ||    16
Block: Buckler           |       |    18 ||    18
